 Dungeon Crawl Stone Soup version 0.25.1-8-g42b30a86e7 (webtiles) character file.

Game seed: 1046488702032917498

111 pokeman the Magician (level 4, 0/25 HPs)
             Began as a Deep Elf Wizard on Dec 3, 2020.
             Killed from afar by an orc wizard (4 damage)
             ... with a puff of flame
             ... on level 3 of the Dungeon.
             The game lasted 00:06:19 (2844 turns).

pokeman the Magician (Deep Elf Wizard)              Turns: 2844, Time: 00:06:20

Health: 0/25       AC:  3    Str:  4    XL:     4   Next: 62%
Magic:  3/13       EV: 27    Int: 24    God:
Gold:   116        SH:  0    Dex: 13    Spells: 3/14 levels left

rFire    . . .     SeeInvis .   s - +1 flail (vorpal)
rCold    . . .     Gourm    .   (no shield)
rNeg     . . .     Faith    .   o - +0 leather armour
rPois    .         Spirit   .   b - +0 hat
rElec    .         Reflect  .   (no cloak)
rCorr    .         Harm     .   (no gloves)
MR       .....                  (no boots)
Stlth    ++........             g - amulet of the acrobat
HPRegen  0.08/turn              (no ring)
MPRegen  0.13/turn              (no ring)

@: acrobat, very slightly contaminated
A: no striking features
a: no special abilities


You were on level 3 of the Dungeon.
You were not hungry.

You visited 1 branch of the dungeon, and saw 3 of its levels.

You collected 116 gold pieces.

Inventory:

Hand Weapons
 s - a +1 vorpal flail (weapon)
Missiles
 f - 67 bolts
Armour
 b - a +0 hat (worn)
 o - a +0 leather armour (worn)
Jewellery
 g - an amulet of the acrobat (around neck)
Scrolls
 a - a scroll of enchant armour {unknown}
 e - 3 scrolls of remove curse {unknown}
 h - 2 scrolls of immolation {unknown}
 j - a scroll of magic mapping {unknown}
 l - a scroll of fear {unknown}
 m - 2 scrolls of random uselessness {unknown}
 n - a scroll of noise {unknown}
 p - 3 scrolls of identify {unknown}
 r - a scroll of teleportation {unknown}
Potions
 c - a potion of lignification {unknown}
 i - a potion of brilliance {unknown}
 k - a potion of heal wounds {unknown}
Comestibles
 d - 4 rations


   Skills:
 - Level 1.0 Fighting
 - Level 1.0 Armour
 + Level 2.8 Dodging
 - Level 2.4 Stealth
 * Level 5.8 Spellcasting
 + Level 2.3 Conjurations
 - Level 1.1 Summonings
 - Level 1.1 Translocations
 + Level 0.9 Fire Magic


You had 3 spell levels left.
You knew the following spells:

 Your Spells              Type           Power        Failure   Level  Hunger
a - Magic Dart            Conj           ###.         5%          1    None
b - Mephitic Cloud        Conj/Pois/Air  ##......     30%         3    #......
c - Call Imp              Summ           ##......     14%         2    None
d - Blink                 Tloc           N/A          14%         2    None
e - Conjure Flame         Conj/Fire      ##......     22%         3    #......

Your spell library contained the following spells:

 Spells                   Type           Power        Failure   Level  Hunger
 Slow                     Hex            #.......     22%         2    None


Dungeon Overview and Level Annotations

Branches:
Dungeon (3/15)

Altars:
Nemelex Xobeh


Message History

The magic dart hits the orc priest.
The orc priest is lightly wounded.
The orc closely misses you. The orc priest hits you with a +0 mace!
* * * LOW HITPOINT WARNING * * *
The orc wizard barely misses the orc priest.
The orc wizard seems less confused.
The orc barely misses you.
Casting: Magic Dart (safe; 5% risk of failure)
Confirm with . or Enter, or press ? or * to list all spells.
Aiming: Magic Dart (safe; 5% risk of failure)
Press: ? - help, Shift-Dir - straight line, f - orc, p - orc priest
Aim: an orc, wielding a +0 club and wearing a +0 ring mail (severely wounded)
The magic dart hits the orc.
The orc is almost dead.
The orc hits you with a +0 club.
* * * LOW HITPOINT WARNING * * *
The orc priest hits the orc with a +0 mace.
The orc is killed!
The orc wizard points at you and mumbles some strange words.
The puff of flame hits you.
You die...

#....<..#....#
#.......#....#
#............#
#............###
#...............
#.............##
###...#...........
###...#.............
###o.@####....#.#)#.#.
#.o)### ####.........
#).### #.#.#.#.#.# #°#
##.......... #.
#.#.#.#.#.#. #
##...........
#.#.#.#.#.#.#
##...........
#.#.#.#.#.#.


You could see an orc priest (confused) and an orc wizard.

Vanquished Creatures
  Jessica (D:2)
  2 adders
  An ooze (D:2)
  A leopard gecko (D:3)
  5 orcs (D:3)
  2 giant cockroaches
  4 goblins
  6 hobgoblins
  6 jackals
  A quokka (D:3)
  3 bats
  3 frilled lizards
  2 kobolds
  4 rats
41 creatures vanquished.

Vanquished Creatures (collateral kills)
  Terence (D:2)
  An orc (D:3)
2 creatures vanquished.

Grand Total: 43 creatures vanquished

Notes
Turn   | Place    | Note
-------+----------+-------------------------------------------
     0 | D:1      | pokeman the Deep Elf Wizard began the quest for the Orb.
     0 | D:1      | Reached XP level 1. HP: 10/10 MP: 7/7
   304 | D:1      | Found a sparkling altar of Nemelex Xobeh.
   504 | D:2      | Reached XP level 2. HP: 16/16 MP: 5/9
   507 | D:2      | Noticed Jessica
   510 | D:2      | Killed Jessica
   510 | D:2      | Reached skill level 5 in Spellcasting
   510 | D:2      | Reached XP level 3. HP: 20/20 MP: 2/11
   515 | D:2      | Learned a level 3 spell: Mephitic Cloud
   518 | D:2      | Learned a level 2 spell: Call Imp
   521 | D:2      | Learned a level 2 spell: Blink
   525 | D:2      | Learned a level 3 spell: Conjure Flame
   629 | D:2      | Noticed Terence
   639 | D:2      | Killed Terence
   639 | D:2      | Reached skill level 1 in Fighting
   724 | D:2      | Reached skill level 1 in Armour
  1715 | D:2      | Reached XP level 4. HP: 11/25 MP: 5/13
  2844 | D:3      | Killed from afar by an orc wizard

Illustrated notes

Levels and vault maps discovered:
D:1:      erik_arrival_orb_chamber, layout_rooms, nemelex_altar_shiori
D:2:      layout_basic, uniq_jessica, uniq_terence
D:3:      layout_basic, hex_medium

Skill      XL: |  1  2  3 |
---------------+----------+-----
Spellcasting   | 5 |  5.8
Fighting       | 1 |  1.0
Armour         | 1 |  1.0
Conjurations   | 2 |  2.3
Dodging        | |  2.8
Stealth        | |  2.4
Summonings     | |  1.1
Translocations | |  1.1
Fire Magic     | |  0.9

Action                   |  1- 3 |  4- 6 || total
-------------------------+-------+-------++-------
Melee: Flail             |       |     4 ||     4
 Cast: Magic Dart        |    47 |    55 ||   102
       Call Imp          |     3 |     1 ||     4
       Mephitic Cloud    |       |     2 ||     2
       Blink             |       |     1 ||     1
  Eat: Chunk             |     2 |     4 ||     6
Armor: Leather armour    |     1 |     7 ||     8
Dodge: Dodged            |     4 |    25 ||    29
